SOB
COLON SCALLYWAGS @ PORT-AU-PRINCE PIRATES
01/06/1982
 
TOP OF THE 1ST
Colon Scallywags batting - Pitching for Port-au-Prince Pirates : RHP Robert Hussey
Pitching: RHP Robert Hussey
Batting: RHB Phil Bradley 0-0: Fly out, F7 (Flyball, 7D, EV 95.6 MPH)
Batting: RHB Marty G Barrett 0-0: Foul Ball, location: 2F
0-1: SINGLE (Groundball, 56D, EV 103.1 MPH)
Batting: SHB Jordan Ayala 0-0: Foul Ball, location: 2F
0-1: Ball
1-1: Ball
Marty G Barrett steals 2nd base
2-1: Foul Ball, location: 2F
2-2: Ball
3-2: Base on Balls
Batting: RHB Joe Carter 0-0: Ball
1-0: Called Strike
Marty G Barrett steals 3rd base
1-1: Called Strike
Jordan Ayala is caught stealing 2nd base 2-4
1-2: Fly out, F8 (Flyball, 8RD, EV 105.0 MPH)
Top of the 1st over - 0 runs, 1 hit, 0 errors, 1 left on base; Colon 0 - Port-au-Prince 0
BOTTOM OF THE 1ST
Port-au-Prince Pirates batting - Pitching for Colon Scallywags : RHP Mike Moore
Pitching: RHP Mike Moore
Batting: RHB Robert Duran 0-0: Called Strike
0-1: Ball
1-1: Foul Ball, location: 2F
1-2: Ball
2-2: SINGLE (Line Drive, 56D, EV 97.5 MPH)
Batting: RHB Bobby Miscik 0-0: Ball
1-0: Ball
2-0: Swinging Strike
2-1: Ground out 5-3 (Groundball, 56, EV 106.3 MPH)
Robert Duran to second
Batting: RHB Dennis Tiefenthaler 0-0: Foul Ball, location: 2F
0-1: Ball
1-1: Swinging Strike
1-2: Foul Ball, location: 2F
1-2: Foul Ball, location: 2F
1-2: Fly out, F7 (Flyball, 7LS, EV 76.3 MPH)
Batting: LHB John Edmonds 0-0: Swinging Strike
0-1: Foul Ball, location: 2F
0-2: Foul Ball, location: 2F
0-2: Strikes out swinging
Bottom of the 1st over - 0 runs, 1 hit, 0 errors, 1 left on base; Colon 0 - Port-au-Prince 0
TOP OF THE 2ND
Colon Scallywags batting - Pitching for Port-au-Prince Pirates : RHP Robert Hussey
Batting: LHB Sid Bream 0-0: Ball
1-0: Swinging Strike
1-1: Foul Ball, location: 2F
1-2: Ball
2-2: Ball
3-2: Foul Ball, location: 2F
3-2: Strikes out swinging
Batting: SHB Johnny Ray 0-0: SINGLE (Flyball, 9LS, EV 93.1 MPH)
Batting: RHB Gerry Davis 0-0: Ball
1-0: Swinging Strike
1-1: Called Strike
1-2: Ball
2-2: Foul Ball, location: 2F
2-2: Foul Ball, location: 2F
2-2: Foul Ball, location: 2F
2-2: Ball
Johnny Ray steals 2nd base
3-2: Base on Balls
Batting: RHB Alejandro Luna 0-0: Ball
1-0: Ball
2-0: Called Strike
2-1: Swinging Strike
2-2: Strikes out swinging
Batting: SHB Santiago Fernandez 0-0: Swinging Strike
0-1: Ball
1-1: Ball
2-1: Foul Ball, location: 2F
2-2: Strikes out swinging
Top of the 2nd over - 0 runs, 1 hit, 0 errors, 2 left on base; Colon 0 - Port-au-Prince 0
BOTTOM OF THE 2ND
Port-au-Prince Pirates batting - Pitching for Colon Scallywags : RHP Mike Moore
Batting: RHB Byron Peyton 0-0: Called Strike
0-1: Foul Ball, location: 2F
0-2: Ball
1-2: Strikes out swinging
Batting: RHB Augie Schmidt 0-0: Called Strike
0-1: Swinging Strike
0-2: Ball
1-2: Strikes out swinging
Batting: SHB David Miller 0-0: Ball
1-0: Hit by Pitch
Batting: RHB Gerry Melillo 0-0: Foul Ball, location: 2F
0-1: Ball
1-1: Ball
2-1: Foul Ball, location: 2F
2-2: Foul Ball, location: 2F
2-2: Fly out, F9 (Flyball, 9S, EV 86.3 MPH)
Bottom of the 2nd over - 0 runs, 0 hits, 0 errors, 1 left on base; Colon 0 - Port-au-Prince 0
TOP OF THE 3RD
Colon Scallywags batting - Pitching for Port-au-Prince Pirates : RHP Robert Hussey
Batting: RHB Phil Bradley 0-0: Ball
1-0: Ground out U3 (Groundball, 13, EV 86.3 MPH)
Batting: RHB Marty G Barrett 0-0: Ball
1-0: Ball
2-0: Called Strike
2-1: Foul Ball, location: 2F
2-2: Strikes out swinging
Batting: SHB Jordan Ayala 0-0: Fly out, F9 (Flyball, 9, EV 87.5 MPH)
Top of the 3rd over - 0 runs, 0 hits, 0 errors, 0 left on base; Colon 0 - Port-au-Prince 0
BOTTOM OF THE 3RD
Port-au-Prince Pirates batting - Pitching for Colon Scallywags : RHP Mike Moore
Batting: SHB Michael Kennedy 0-0: Swinging Strike
0-1: Ground out 6-3 (Groundball, 6, EV 78.1 MPH)
Batting: RHB Robert Duran 0-0: Called Strike
0-1: DOUBLE (Line Drive, 78M, EV 100.0 MPH)
Batting: RHB Bobby Miscik 0-0: SINGLE (Flyball, 8RS, EV 86.9 MPH)
Robert Duran to third
Runner from 3rd tries for Home, SAFE, throw by CF to home
Bobby Miscik to second
Batting: RHB Dennis Tiefenthaler 0-0: Foul Ball, location: 2F
0-1: Swinging Strike
0-2: Ball
1-2: Strikes out swinging
Batting: LHB John Edmonds 0-0: Called Strike
0-1: Called Strike
0-2: Ball
1-2: Ball
2-2: Strikes out looking
Bottom of the 3rd over - 1 run, 2 hits, 0 errors, 1 left on base; Colon 0 - Port-au-Prince 1
TOP OF THE 4TH
Colon Scallywags batting - Pitching for Port-au-Prince Pirates : RHP Robert Hussey
Batting: RHB Joe Carter 0-0: SINGLE (Groundball, 6MD, EV 94.4 MPH)
Batting: LHB Sid Bream 0-0: Fly out, F8 (Flyball, 8LS, EV 89.4 MPH)
Batting: SHB Johnny Ray 0-0: Ball
Wild Pitch!
Joe Carter to second
1-0: Called Strike
1-1: DOUBLE (Line Drive, 7LS, EV 96.3 MPH)
Joe Carter scores
Batting: RHB Gerry Davis 0-0: Called Strike
0-1: Ball
1-1: Foul Ball, location: 2F
1-2: Ball
2-2: Strikes out looking
Batting: RHB Alejandro Luna 0-0: Ground out 6-3 (Groundball, 6S, EV 63.8 MPH)
Top of the 4th over - 1 run, 2 hits, 0 errors, 1 left on base; Colon 1 - Port-au-Prince 1
BOTTOM OF THE 4TH
Port-au-Prince Pirates batting - Pitching for Colon Scallywags : RHP Mike Moore
Batting: RHB Byron Peyton 0-0: Ball
1-0: Called Strike
1-1: Ball
2-1: Called Strike
2-2: Fly out, F4 (Popup, 34S, EV 88.1 MPH)
Batting: RHB Augie Schmidt 0-0: Ball
1-0: Foul Ball, location: 2F
1-1: Foul Ball, location: 2F
1-2: Foul Ball, location: 2F
1-2: Ball
2-2: Foul Ball, location: 2F
2-2: Ground out 4-3 (Groundball, 4S, EV 85.0 MPH)
Batting: SHB David Miller 0-0: Called Strike
0-1: Ground out 2-3 (Groundball, 13S, EV 62.5 MPH)
Bottom of the 4th over - 0 runs, 0 hits, 0 errors, 0 left on base; Colon 1 - Port-au-Prince 1
TOP OF THE 5TH
Colon Scallywags batting - Pitching for Port-au-Prince Pirates : RHP Robert Hussey
Batting: SHB Santiago Fernandez 0-0: Swinging Strike
0-1: Fly out, F7 (Flyball, 78S, EV 87.5 MPH)
Batting: RHB Phil Bradley 0-0: Called Strike
0-1: Fly out, F3 (Popup, 3D, EV 70.0 MPH)
Batting: RHB Marty G Barrett 0-0: Called Strike
0-1: Ground out 5-3 (Groundball, 56S, EV 83.8 MPH)
Top of the 5th over - 0 runs, 0 hits, 0 errors, 0 left on base; Colon 1 - Port-au-Prince 1
BOTTOM OF THE 5TH
Port-au-Prince Pirates batting - Pitching for Colon Scallywags : RHP Mike Moore
Batting: RHB Gerry Melillo 0-0: Fly out, F8 (Flyball, 8RM, EV 83.1 MPH)
Batting: SHB Michael Kennedy 0-0: Called Strike
0-1: Called Strike
0-2: Strikes out swinging
Batting: RHB Robert Duran 0-0: Ball
1-0: Fly out, F3 (Flyball, 3D, EV 86.3 MPH)
Bottom of the 5th over - 0 runs, 0 hits, 0 errors, 0 left on base; Colon 1 - Port-au-Prince 1
TOP OF THE 6TH
Colon Scallywags batting - Pitching for Port-au-Prince Pirates : RHP Robert Hussey
Batting: SHB Jordan Ayala 0-0: Ball
1-0: Fly out, F8 (Line Drive, 8RD, EV 109.4 MPH)
Batting: RHB Joe Carter 0-0: Swinging Strike
0-1: Swinging Strike
0-2: Strikes out swinging
Batting: LHB Sid Bream 0-0: Called Strike
0-1: Swinging Strike
0-2: Ball
1-2: Ground out 4-3 (Groundball, 4, EV 79.4 MPH)
Top of the 6th over - 0 runs, 0 hits, 0 errors, 0 left on base; Colon 1 - Port-au-Prince 1
BOTTOM OF THE 6TH
Port-au-Prince Pirates batting - Pitching for Colon Scallywags : RHP Mike Moore
Batting: RHB Bobby Miscik 0-0: Called Strike
0-1: Ball
1-1: Ball
2-1: Fly out, F6 (Popup, 15S, EV 90.6 MPH)
Batting: RHB Dennis Tiefenthaler 0-0: Ball
1-0: Called Strike
1-1: Foul Ball, location: 2F
1-2: Ball
2-2: Ball
3-2: Ground out U3 (Groundball, 34, EV 104.4 MPH)
Batting: LHB John Edmonds 0-0: SINGLE (Line Drive, 4M, EV 95.6 MPH)
Batting: RHB Byron Peyton 0-0: Ball
1-0: Foul Ball, location: 2F
1-1: Foul Ball, location: 2F
1-2: Ball
John Edmonds is caught stealing 2nd base 2-4
Bottom of the 6th over - 0 runs, 1 hit, 0 errors, 0 left on base; Colon 1 - Port-au-Prince 1
TOP OF THE 7TH
Colon Scallywags batting - Pitching for Port-au-Prince Pirates : RHP Robert Hussey
Batting: SHB Johnny Ray 0-0: Ball
1-0: Ball
2-0: Ball
3-0: Base on Balls
Batting: RHB Gerry Davis 0-0: Called Strike
0-1: Ball
1-1: Ball
Johnny Ray steals 2nd base
2-1: Intentional Walk
Batting: RHB Alejandro Luna 0-0: Called Strike
0-1: Called Strike
0-2: Strikes out looking
Batting: SHB Santiago Fernandez 0-0: Called Strike
0-1: Ball
Johnny Ray steals 3rd base
Gerry Davis to second
1-1: Swinging Strike
1-2: Ball
2-2: Strikes out looking
Batting: RHB Phil Bradley 0-0: Swinging Strike
0-1: Ball
1-1: Swinging Strike
1-2: Fly out, F7 (Line Drive, 7, EV 97.5 MPH)
Top of the 7th over - 0 runs, 0 hits, 0 errors, 2 left on base; Colon 1 - Port-au-Prince 1
BOTTOM OF THE 7TH
Port-au-Prince Pirates batting - Pitching for Colon Scallywags : RHP Mike Moore
Batting: RHB Byron Peyton 0-0: Called Strike
0-1: Fly out, F4 (Flyball, 34D, EV 82.5 MPH)
Batting: RHB Augie Schmidt 0-0: Called Strike
0-1: Ball
1-1: Ball
2-1: Foul Ball, location: 2F
2-2: SINGLE (Groundball, 6MD, EV 98.1 MPH)
Batting: SHB David Miller 0-0: Ball
1-0: Called Strike
1-1: Ground out U3 (Groundball, 3, EV 78.8 MPH)
Augie Schmidt to second
Batting: RHB Gerry Melillo 0-0: SINGLE (Groundball, 6MD, EV 103.8 MPH)
Augie Schmidt to third
Runner from 3rd tries for Home, SAFE, throw by CF to home
Batting: SHB Michael Kennedy 0-0: Ball
1-0: SINGLE (Line Drive, 56, EV 95.6 MPH)
Gerry Melillo to second
Batting: RHB Robert Duran 0-0: Ball
1-0: Called Strike
1-1: Fly out, F9 (Flyball, 89D, EV 98.8 MPH)
Bottom of the 7th over - 1 run, 3 hits, 0 errors, 2 left on base; Colon 1 - Port-au-Prince 2
TOP OF THE 8TH
Colon Scallywags batting - Pitching for Port-au-Prince Pirates : RHP Robert Hussey
Batting: RHB Marty G Barrett 0-0: Called Strike
0-1: Called Strike
0-2: Ground out 6-3 (Groundball, 6S, EV 66.3 MPH)
Batting: SHB Jordan Ayala 0-0: Ground out 5-3 (Groundball, 5, EV 88.8 MPH)
Batting: RHB Joe Carter 0-0: Ball
1-0: Foul Ball, location: 2F
1-1: Called Strike
1-2: Strikes out swinging
Top of the 8th over - 0 runs, 0 hits, 0 errors, 0 left on base; Colon 1 - Port-au-Prince 2
BOTTOM OF THE 8TH
Port-au-Prince Pirates batting - Pitching for Colon Scallywags : RHP Mike Moore
Batting: RHB Bobby Miscik 0-0: Fly out, F3 (Popup, 3SF, EV 88.1 MPH)
Batting: RHB Dennis Tiefenthaler 0-0: Ball
1-0: Called Strike
1-1: Ball
2-1: Ball
3-1: Foul Ball, location: 2F
3-2: Fly out, F8 (Flyball, 8LD, EV 95.0 MPH)
Batting: LHB John Edmonds 0-0: Called Strike
0-1: Ball
1-1: Ball
2-1: Ball
3-1: Called Strike
3-2: Strikes out looking
Bottom of the 8th over - 0 runs, 0 hits, 0 errors, 0 left on base; Colon 1 - Port-au-Prince 2
TOP OF THE 9TH
Colon Scallywags batting - Pitching for Port-au-Prince Pirates : RHP Robert Hussey
Pitching: RHP Richard Hille
Now at 1B: Brandt Humphry
Now at SS: Ted Cox
Batting: LHB Sid Bream 0-0: Called Strike
0-1: Ball
1-1: Called Strike
1-2: Ball
2-2: Ball
3-2: Foul Ball, location: 2F
3-2: Fly out, F7 (Line Drive, 7D, EV 83.8 MPH)
Batting: SHB Johnny Ray 0-0: Ball
1-0: Ball
2-0: SINGLE (Flyball, 8RS, EV 98.1 MPH)
Batting: RHB Gerry Davis 0-0: Ball
1-0: Ball
Johnny Ray steals 2nd base
2-0: Ball
3-0: Base on Balls
Pinch Hitting: SHB Willie McGee 0-0: Ball
1-0: Ball
2-0: Called Strike
2-1: SINGLE (Flyball, 89S, EV 92.5 MPH)
Johnny Ray to third
Gerry Davis to second
Runner from 3rd tries for Home, SAFE, throw by RF to home
Pinch Hitting: RHB Pat Casey 0-0: Called Strike
Gerry Davis steals 3rd base
Willie McGee to second
0-1: Ball
1-1: Fly out, F9 (Flyball, 9, EV 88.1 MPH)
Runner from 3rd tags up, SCORES, no throw by RF
Batting: RHB Phil Bradley 0-0: Called Strike
0-1: Swinging Strike
0-2: Strikes out swinging
Top of the 9th over - 2 runs, 2 hits, 0 errors, 1 left on base; Colon 3 - Port-au-Prince 2
BOTTOM OF THE 9TH
Port-au-Prince Pirates batting - Pitching for Colon Scallywags : RHP Mike Moore
Pitching: RHP Oscar Silva
Now at C: Edwin Agudelo
Now at 1B: Terry Lee
Now at 3B: Dave Aponte
Now at SS: Alex Zermeno
Batting: RHB Byron Peyton 0-0: Foul Ball, location: 2F
0-1: Called Strike
0-2: Ball
1-2: Ball
2-2: Foul Ball, location: 2F
2-2: Ball
3-2: Strikes out looking
Batting: RHB Augie Schmidt 0-0: Ball
1-0: Ball
2-0: Ground out 4-3 (Groundball, 4S, EV 84.4 MPH)
Batting: SHB Thomas Colburn 0-0: Called Strike
0-1: Foul Ball, location: 2F
0-2: Ball
1-2: Ball
2-2: Ball
3-2: Base on Balls
Pinch Hitting: RHB Ronald Carapezzi 0-0: Ball
1-0: Ball
2-0: Called Strike
2-1: Ball
3-1: Called Strike
3-2: Foul Ball, location: 2F
3-2: Base on Balls
Thomas Colburn to second
Pinch Runner at 2nd Tim Jordan:
Batting: SHB Michael Kennedy 0-0: Foul Ball, location: 2F
0-1: Ball
1-1: Ball
2-1: Ground out 4-3 (Groundball, 4, EV 105.0 MPH)
Bottom of the 9th over - 0 runs, 0 hits, 0 errors, 2 left on base; Colon 3 - Port-au-Prince 2
Tuesday, July 7th, 2020 - OOTP Baseball 21.4 Build 63